 Dungeon Crawl Stone Soup version 0.26-a0-631-ged93497179 (webtiles) character file.

Game seed: 7317780879055707929

88 Conn the Sneak (level 4, -2/28 HPs)
             Began as an Octopode Hedge Wizard on Sept 12, 2020.
             Slain by an orc priest
             ... wielding a +0 falchion
              (5 damage)
             ... on level 2 of the Dungeon.
             The game lasted 00:06:17 (2675 turns).

Conn the Sneak (Octopode Hedge Wizard)              Turns: 2675, Time: 00:06:18

Health: -2/28      AC:  1    Str:  9    XL:     4   Next: 54%
Magic:  9/9        EV: 13    Int: 17    God:
Gold:   194        SH:  0    Dex: 11    Spells: 2/10 levels left

rFire    . . .     SeeInvis .   g - +2 dagger (freeze)
rCold    . . .     Faith    .   (no shield)
rNeg     . . .     Spirit   .   b - +0 hat
rPois    .         Reflect  .   (no amulet)
rElec    .         Harm     .   i - ring of wizardry
rCorr    .         Rampage  .   (no ring)
MR       .....                  (no ring)
Stlth    ++++......             (no ring)
HPRegen  0.09/turn              (no ring)
MPRegen  0.11/turn              (no ring)
                                (no ring)
                                (no ring)

@: no status effects
A: almost no armour, stealthy swim, amphibious, 8 rings, constrict 8, camouflage
1, gelatinous body 1
a: no special abilities


You were on level 2 of the Dungeon.
You visited 1 branch of the dungeon, and saw 3 of its levels.

You collected 194 gold pieces.

Inventory:

Hand Weapons
 a - a +0 dagger
 g - a +2 dagger of freezing (weapon)
Missiles
 c - 3 silver boomerangs
 d - 24 sling bullets
 e - 5 javelins
 n - 18 poisoned darts (quivered)
Armour
 b - a +0 hat (worn)
Jewellery
 i - a ring of wizardry (left tentacle)
Wands
 f - a wand of digging (7)
Scrolls
 m - a scroll of immolation {unknown}
Potions
 h - a potion of haste {unknown}
 j - a potion of brilliance {unknown}


   Skills:
 + Level 1.2 Fighting
 + Level 0.7 Short Blades
 + Level 2.4 Dodging
 + Level 4.5 Stealth
 + Level 3.5 Spellcasting
 + Level 1.0 Conjurations
 + Level 1.0 Summonings
 + Level 1.0 Translocations
 + Level 0.1 Evocations


You had 2 spell levels left.
You knew the following spells:

 Your Spells              Type           Power        Failure   Level
a - Magic Dart            Conj           #...         4%          1
b - Blink                 Tloc           N/A          7%          2
c - Call Imp              Summ           #.......     7%          2
d - Conjure Flame         Conj/Fire      #.......     16%         3

Your spell library contained the following spells:

 Spells                   Type           Power        Failure   Level
 Slow                     Hex            #.......     11%         2
 Mephitic Cloud           Conj/Pois/Air  #.......     17%         3


Dungeon Overview and Level Annotations

Branches:
Dungeon (3/15)

Altars:
Makhleb
Zin


Innate Abilities, Weirdness & Mutations

You cannot wear most types of armour.
You are very stealthy in the water. (Stealth+)
You are amphibious.
You can wear up to eight rings at the same time.
You can use your tentacles to constrict eight enemies at once.
Your skin changes colour to match your surroundings (Stealth+).
Your rubbery body absorbs attacks. (AC +1, EV +1)


Message History

Ouch! That really hurt!
There is a stone staircase leading up here.
You climb upwards.
There is a stone staircase leading down here.
You hit the orc priest. You freeze the orc priest. You grab the orc priest.
The orc priest is lightly wounded.
You constrict the orc priest.
The orc priest hits you with a +0 falchion.
You barely miss the orc priest.
The orc priest is moderately wounded.
You constrict the orc priest.
The orc priest calls down the wrath of Beogh upon you.
Pain shoots through your body!
* * * LOW HITPOINT WARNING * * *
Okay, then.
You hit the orc priest. You freeze the orc priest.
The orc priest is heavily wounded.
You constrict the orc priest.
The orc priest hits you with a +0 falchion.
You die...

########### #.<.......#
#.........# #.........#
#.........# #.........####
#............# #######
#..........#.###########
#.....###......@...#.#.........#
#...............o.<#.#.........#
##.........####..................
##........## #.......#..........
.#.........####......(#........##
.........#............#.......##
.........######.............#####
..##........###.....(.......#####
.####)...##..##........##...##...


You could see an orc priest.

Vanquished Creatures
  An adder (D:3)
  An ooze (D:3)
  A worm (D:3)
  4 dart slugs (D:1)
  5 orcs (D:3)
  4 giant cockroaches
  6 goblins
  6 hobgoblins
  6 jackals (D:1)
  A quokka (D:3)
  8 bats
  2 frilled lizards (D:1)
  3 kobolds
  3 rats
51 creatures vanquished.

Vanquished Creatures (collateral kills)
  3 orcs (D:3)
3 creatures vanquished.

Grand Total: 54 creatures vanquished

Notes
Turn   | Place    | Note
-------+----------+-------------------------------------------
     0 | D:1      | Conn the Octopode Hedge Wizard began the quest for the Orb.
     0 | D:1      | Reached XP level 1. HP: 11/11 MP: 4/4
    46 | D:1      | Reached XP level 2. HP: 9/17 MP: 6/6
   491 | D:1      | Reached skill level 3 in Stealth
   626 | D:1      | Reached XP level 3. HP: 21/21 MP: 6/8
  1165 | D:1      | Reached skill level 4 in Stealth
  1470 | D:2      | Found a burning altar of Makhleb.
  2000 | D:2      | Found a glowing silver altar of Zin.
  2074 | D:2      | Learned a level 2 spell: Blink
  2077 | D:2      | Learned a level 2 spell: Call Imp
  2081 | D:2      | Learned a level 3 spell: Conjure Flame
  2154 | D:3      | Reached XP level 4. HP: 27/27 MP: 5/9
  2357 | D:3      | Reached skill level 1 in Fighting
  2675 | D:2      | Slain by an orc priest

Illustrated notes

Levels and vault maps discovered:
D:1:      shiori_arrival_maze, layout_loops_ring, minmay_fountain_box
D:2:      layout_rooms, zin_treasury, overflow_temple_1_default,
          minmay_pentomino_w2
D:3:      layout_loops_ring, uniq_sigmund

Skill      XL: |  1  2  3  4 |
---------------+-------------+-----
Stealth        | 3 4 |  4.5
Fighting       | 1 |  1.2
Short Blades   | |  0.7
Dodging        | |  2.4
Spellcasting   | |  3.5
Conjurations   | |  1.0
Summonings     | |  1.0
Translocations | |  1.0
Evocations     | |  0.1

Action                   |  1- 3 |  4- 6 || total
-------------------------+-------+-------++-------
Melee: Dagger            |    92 |    27 ||   119
       Constrict         |    16 |     7 ||    23
       Tentacles         |     5 |     4 ||     9
       Short sword       |    10 |       ||    10
 Cast: Magic Dart        |    17 |     2 ||    19
       Call Imp          |     2 |       ||     2
Evoke: Wand              |     1 |       ||     1
  Use: Scroll            |     3 |       ||     3
       Potion            |     1 |       ||     1
 Stab: Sleeping          |    12 |     1 ||    13
Armor: Skin              |    43 |       ||    43
Dodge: Dodged            |    67 |    17 ||    84

Table legend: (Time is in decaauts)
 A = Elapsed time spent in this place.
 B = Non-inter-level travel time spent in this place.
 C = Inter-level travel time spent in this place.
 D = Time resting spent in this place.
 E = Time spent auto-exploring this place.
 F = Levels seen in this place.
 G = Mean time per level.
                   A        B        C        D        E       F      G
               +--------+--------+--------+--------+--------+-----+--------+
         Total |   2674 |   2660 |     14 |    809 |   1134 |   3 |  891.3 |
       Dungeon |   2674 |   2660 |     14 |    809 |   1134 |   3 |  891.3 |
               +--------+--------+--------+--------+--------+-----+--------+

Top non-repeatable levels by time:
     D:1: 1403 daAuts
     D:2: 982 daAuts
     D:3: 288 daAuts
